 Dungeon Crawl Stone Soup version 0.30-a0-778-g2ef04afb54 (webtiles) character file.

Game seed: 1865829169536748044

2528 Pimp the Cleaver (level 9, -8/102 HPs)
             Began as a Demonspawn Fighter on Feb 16, 2023.
             Was an Elder of Okawaru.
             Mangled by a very large slime creature (54 damage)
             ... on level 7 of the Dungeon.
             The game lasted 00:16:08 (7737 turns).

Pimp the Cleaver (Demonspawn Fighter)               Turns: 7737, Time: 00:16:09

Health: -8/102     AC: 13    Str: 16 (17) XL:     9   Next: 29%
Magic:  9/9        EV: 17    Int:  6 (9)  God:    Okawaru [****..]
Gold:   450        SH:  6    Dex: 20 (21) Spells: 7/8 levels left

rFire   x . .      SeeInvis +    j - +4 war axe (heavy)
rCold   . . .      Faith    .    c - +0 buckler
rNeg    . . .      Spirit   .    E - +1 steam dragon scales
rPois   +          Reflect  .    (helmet restricted)
rElec   .          Harm     .    (no cloak)
rCorr   .          Rampage  .    B - +1 pair of gloves of the Doldrums {rF- Will++ SInv}
Will    ++...                    h - +0 pair of boots Stlth
                                 (no amulet)
HPRegen 0.37/turn                v - ring "Nuhoikiu" {+Blink Fly Str-3 Dex+7}
MPRegen 0.11/turn                q - ring of poison resistance

@: agile, berserking, flying, very quick
A: horns 1, thin metallic scales 2, foul stench 1, powered by pain 1, hooves 1,
high MP 1
a: Renounce Religion, Evoke Blink, Heroism, Finesse


You were on level 7 of the Dungeon.
You worshipped Okawaru.
Okawaru was greatly pleased with you.
You visited 2 branches of the dungeon, and saw 9 of its levels.

You collected 532 gold pieces.
You spent 82 gold pieces at shops.

Inventory:

Hand Weapons
 a - a +0 war axe
 j - a +4 heavy war axe (weapon)
Missiles
 m - 3 atropa-tipped darts (quivered)
Armour
 c - a +0 buckler (worn)
 h - a +0 pair of boots (worn)
 z - a +0 plate armour
 B - the +1 pair of gloves of the Doldrums (worn) {rF- Will++ SInv}
   (You found it on level 6 of the Dungeon)

   rF:        It makes you vulnerable to fire.
   SInv:      It lets you see invisible.
   Will:      It greatly increases your willpower.
 E - +1 steam dragon scales (worn)
Jewellery
 q - a ring of poison resistance (right hand)
 v - the ring "Nuhoikiu" (left hand) {+Blink Fly Str-3 Dex+7}
   (You found it on level 3 of the Dungeon)

   [ring of flight]

   Str:       It affects your strength (-3).
   Dex:       It affects your dexterity (+7).
   Fly:       It grants you flight.
   +Blink:    It lets you blink.
Wands
 e - a wand of mindburst (11)
Scrolls
 b - a scroll of brand weapon {unknown}
 f - a scroll of amnesia
 g - a scroll of torment
 i - 4 scrolls of teleportation
 p - a scroll of magic mapping
 x - a scroll of immolation
 y - 7 scrolls of identify
Potions
 d - 2 potions of might
 l - a potion of mutation
 o - 2 potions of lignification
 C - 3 potions of resistance {unknown}


   Skills:
 + Level 5.5 Fighting
 + Level 8.4 Axes
 + Level 1.1 Throwing
 + Level 5.8 Armour
 + Level 1.5 Dodging
 + Level 2.5 Stealth
 + Level 4.0 Shields


You had 7 spell levels left.
You knew the following spells:

 Your Spells              Type           Power      Damage    Failure   Level
a - Sting                 Tmut/Pois      0%         1d3       54%         1

Your spell library contained the following spells:

 Spells                   Type           Power      Damage    Failure   Level
 Apportation              Tloc           0%         N/A       54%         1
 Necrotise                Necr           0%         1d4       54%         1
 Slow                     Hex            0%         N/A       54%         1
 Poisonous Vapours        Pois/Air       0%         N/A       67%         2
 Confusing Touch          Hex            0%         N/A       88%         3
 Vampiric Draining        Necr           0%         2d6       88%         3
 Olgreb's Toxic Radiance  Pois           0%         N/A       99%         4
 Summon Small Mammal      Summ           Unusable   N/A       N/A         1

Dungeon Overview and Level Annotations

Branches:
Dungeon (8/15)             Temple (1/1) D:5
   Lair: D:8-11

Altars:
Cheibriados
Dithmenos
Fedhas
Gozag
Hepliaklqana
Kikubaaqudgha
Makhleb
Nemelex Xobeh
Okawaru
Qazlal
Ru
Sif Muna
Trog
Uskayaw
Wu Jian
Xom
Yredelemnul

Shops:
D:1 =   D:4 *   D:5 ?

Annotations:
D:7 1 runed translucent door, Crazy Yiuf


Innate Abilities, Weirdness & Mutations

You have a pair of small horns on your head.
You are mostly covered in thin metallic scales. (AC +3)
You may rarely emit foul miasma when damaged in melee.
You sometimes gain a little power by taking damage.
You have large cloven feet.
You have an increased reservoir of magic. (+10% MP)


Message History

The very large slime creature completely misses you.
The very large slime creature attacks as you move away!
The very large slime creature hits you!
You hit the very large slime creature.
The very large slime creature is moderately wounded.
The very large slime creature hits you!!
Ouch! That really hurt!
* * * LOW HITPOINT WARNING * * *
You focus on the pain.
You feel agile all of a sudden.
The very large slime creature barely misses you.
As you read the scroll of fear, it crumbles to dust.
You assume a fearsome visage.
The very large slime creature looks frightened!
Throw: 4 darts (atropa)
Press: ? - help, Q - select action, (/) - cycle Shift-Dir - straight line, f - very large slime creature
Aim: a very large slime creature (moderately wounded, fleeing, 84% to hit, chance to blind on hit: 3%)
You throw an atropa-tipped dart.
The atropa-tipped dart hits the very large slime creature.
The very large slime creature resists.
Your attack snaps the very large slime creature out of its fear.
The very large slime creature is moderately wounded.
Okay, then.
You feel better.
You block the very large slime creature's attack.
You feel better.
The very large slime creature barely misses you.
It was a potion of degeneration.
There was something very wrong with that liquid.
You feel weakened.
You feel dopey.
You feel clumsy.
The very large slime creature barely misses you.
It was a potion of berserk rage.
A red film seems to cover your vision as you go berserk!
You feel yourself moving faster!
You feel mighty!
You block the very large slime creature's attack.
You slash the very large slime creature!
The very large slime creature is moderately wounded.
The very large slime creature hits you!!!
Ouch! That really hurt!
You die...

#####.#.##.......# #..# #
#.#.##.....### ###.##
#####.#.##.....###########...#
........................#..###
###............########.#.##
#### #
#...............†)[.#...# #...
#../[........######)..### #...
#........###########..# #...
#........##...@J(.....#### #..<
#.#####.....#######......###...
#.# #.....#######..>.........
##.# #..................###...
#..### #..................#
####
#....###.....>.......######
#### #..#..##..#...########
#... #..#......#...# #...
#..##....##...## #...


You could see a very large slime creature.

Vanquished Creatures
  Maggie (D:7)
  A slime creature (D:7)
  A steam dragon (D:7)
  Duvessa (D:7)
  2 water moccasins
  2 sky beasts
  2 ogres
  A black bear (D:6)
  A centaur (D:7)
  A kobold brigand (D:7)
  A phantom (D:6)
  A bullfrog (D:7)
  A necrophage (D:6)
  A gnoll sergeant (D:7)
  A scorpion (D:6)
  Dowan (D:7)
  4 howler monkeys
  2 orc priests (D:6)
  A hound (D:7)
  3 jellies (D:6)
  6 orc wizards
  2 gnolls (D:7)
  8 adders
  2 white imps
  2 worms
  5 dart slugs
  17 orcs
  2 ball pythons
  4 endoplasms
  4 giant cockroaches
  7 goblins
  10 hobgoblins
  7 jackals (D:1)
  10 kobolds
  6 quokkas
  5 bats
  3 frilled lizards
  7 rats
136 creatures vanquished.

Notes
Turn   | Place    | Note
-------+----------+-------------------------------------------
     0 | D:1      | Pimp the Demonspawn Fighter began the quest for the Orb.
     0 | D:1      | Reached XP level 1. HP: 18/18 MP: 1/1
    93 | D:1      | Found Gas Vovi's Jewellery Emporium.
   272 | D:1      | Gained mutation: You may rarely emit foul miasma when
                  | damaged in melee. [demonic ancestry]
   272 | D:1      | Reached XP level 2. HP: 22/24 MP: 2/2
   275 | D:1      | Reached skill level 2 in Axes
   560 | D:1      | Reached XP level 3. HP: 29/29 MP: 3/3
   859 | D:2      | Found an opulent altar of Gozag.
  1170 | D:2      | Gained mutation: You are partially covered in thin metallic
                  | scales. (AC +2) [demonic ancestry]
  1170 | D:2      | Reached XP level 4. HP: 35/35 MP: 4/4
  1430 | D:3      | Found a stormy altar of Qazlal.
  1633 | D:3      | Reached skill level 3 in Axes
  1989 | D:3      | Identified the ring "Nuhoikiu" {+Blink Fly Str-3 Dex+7}
  2325 | D:4      | Reached skill level 1 in Dodging
  2510 | D:4      | Identified the +9 rapier "Gierphakio" {heavy, Fragile
                  | +Blink rCorr Str-3}
  2513 | D:4      | Found a hazy altar of Hepliaklqana.
  2624 | D:4      | Reached XP level 5. HP: 40/41 MP: 5/5
  3311 | D:4      | Found Ixuen's CLEARANCE SALE!.
  3580 | D:5      | Entered Level 5 of the Dungeon
  3667 | D:5      | Found a staircase to the Ecumenical Temple.
  3686 | Temple   | Entered the Ecumenical Temple
  3717 | Temple   | Became a worshipper of Warmaster Okawaru
  3846 | D:5      | Found Rann's Magic Scroll Boutique.
  3854 | D:5      | Bought a scroll of enchant weapon for 82 gold pieces
  3895 | D:5      | Noticed a water moccasin
  3920 | D:5      | Killed a water moccasin
  4035 | D:5      | Gained mutation: You have a pair of small horns on your
                  | head. [demonic ancestry]
  4035 | D:5      | Reached XP level 6. HP: 47/47 MP: 6/6
  4175 | D:5      | Reached skill level 4 in Axes
  4271 | D:5      | Noticed a sky beast
  4291 | D:5      | Killed a sky beast
  4291 | D:5      | Reached * piety under Okawaru
  5081 | D:6      | Gained mutation: You are mostly covered in thin metallic
                  | scales. (AC +3) [demonic ancestry]
  5081 | D:6      | Reached XP level 7. HP: 29/53 MP: 7/7
  5296 | D:6      | Identified the +1 pair of gloves of the Doldrums {rF-
                  | Will++ SInv}
  5345 | D:6      | Found a sacrificial altar of Ru.
  5355 | D:6      | Reached skill level 5 in Axes
  5355 | D:6      | Reached skill level 1 in Stealth
  5383 | D:6      | Reached ** piety under Okawaru
  5679 | D:6      | Gained mutation: You sometimes gain a little power by
                  | taking damage. [demonic ancestry]
  5679 | D:6      | Reached XP level 8. HP: 23/61 MP: 8/8
  6029 | D:6      | Reached skill level 6 in Axes
  6322 | D:7      | Found a runed translucent door.
  6323 | D:7      | Noticed Crazy Yiuf
  6358 | D:7      | Reached skill level 5 in Armour
  6444 | D:7      | Gained mutation: You are robust. (+10% HP) [potion of
                  | mutation]
  6444 | D:7      | Gained mutation: You are clumsy. (Dex -2) [potion of
                  | mutation]
  6444 | D:7      | Lost mutation: You are robust. (+10% HP) [potion of
                  | mutation]
  6444 | D:7      | Gained mutation: You have sharp toenails. [potion of
                  | mutation]
  6465 | D:7      | Reached *** piety under Okawaru
  6487 | D:7      | Found a shadowy altar of Dithmenos.
  6488 | D:7      | Lost mutation: You have sharp toenails. [potion of
                  | mutation]
  6488 | D:7      | Lost mutation: You are clumsy. (Dex -2) [potion of
                  | mutation]
  6488 | D:7      | Gained mutation: You have an increased reservoir of magic.
                  | (+10% MP) [potion of mutation]
  6488 | D:7      | Gained mutation: You have large cloven feet. [potion of
                  | mutation]
  6523 | D:7      | Reached skill level 7 in Axes
  6722 | D:7      | Reached skill level 5 in Fighting
  6978 | D:7      | Noticed Duvessa
  6979 | D:7      | Noticed Dowan
  6984 | D:7      | Killed Dowan
  6985 | D:7      | Killed Duvessa
  6986 | D:7      | Reached XP level 9. HP: 66/68 MP: 9/9
  7012 | D:7      | Noticed Maggie
  7020 | D:7      | Killed Maggie
  7021 | D:7      | Reached skill level 8 in Axes
  7021 | D:7      | Reached skill level 1 in Throwing
  7095 | D:7      | Reached **** piety under Okawaru
  7449 | D:7      | Learned a level 1 spell: Sting
  7737 | D:7      | Mangled by a very large slime creature

Illustrated notes

Levels and vault maps discovered:
D:1:      scummos_arrival_forest, layout_loops_ring, serial_shops,
          nicolae_shop_hallway_stairs
D:2:      cheibrodos_greedy_goblins, layout_loops_cross, basic_altar
D:3:      layout_basic, amcnicky_altar_gilded, minmay_door_square,
          minmay_strange_pillars
D:4:      layout_layer_cave, old_standard_altar, nicolae_shop_clearance
D:5:      layout_basic, mainiacjoe_overflow_paths, minmay_temple_entry_hall,
          serial_shops, shop
D:6:      layout_loops_corners, nicolae_ru_great_annihilating_truth
D:7:      layout_basic, nicolae_dithmenos_shadow_blocks, minmay_misc_feat_x,
          uniq_crazy_yiuf_cottage, uniq_duvessa, uniq_maggie
D:8:      layout_loops_ring, evilmike_ruin_ashenzari, overflow_temple_1_default
Temple:   nicolae_temple_great_sept

Skill      XL: |  1  2  3  4  5  6  7  8  9 |
---------------+----------------------------+-----
Axes           | 2 3 4 5 7 8 |  8.4
Shields        | 3 4 |  4.0
Armour         | 3 4 5 |  5.8
Dodging        | 1 |  1.5
Stealth        | 2 |  2.5
Fighting       | 4 5 |  5.5
Throwing       | 1 |  1.1

Action                     |  1- 3 |  4- 6 |  7- 9 || total
---------------------------+-------+-------+-------++-------
  Melee: War axe           |   145 |   186 |   126 ||   457
         Headbutt          |       |    11 |    33 ||    44
  Throw: Dart              |       |     4 |     5 ||     9
    Use: Scroll            |       |     5 |     9 ||    14
         Potion            |       |     3 |     8 ||    11
   Stab: Invisible         |       |     1 |       ||     1
         Paralysed         |       |       |     3 ||     3
 Armour: Scale mail        |    98 |    50 |       ||   148
         Plate armour      |       |    58 |    99 ||   157
         Skin              |       |     7 |       ||     7
         Steam dragon scal |       |       |     5 ||     5
  Dodge: Dodged            |    72 |    69 |    23 ||   164
  Block: Buckler           |    34 |    52 |    35 ||   121

Table legend: (Time is in decaauts)
 A = Elapsed time spent in this place.
 B = Non-inter-level travel time spent in this place.
 C = Inter-level travel time spent in this place.
 D = Time resting spent in this place.
 E = Time spent auto-exploring this place.
 F = Levels seen in this place.
 G = Mean time per level.
                   A        B        C        D        E       F      G
               +--------+--------+--------+--------+--------+-----+--------+
         Total |   7912 |   7622 |    290 |    747 |   5349 |   9 |  879.1 |
       Dungeon |   7791 |   7501 |    290 |    747 |   5291 |   8 |  973.9 |
        Temple |    121 |    121 |      0 |      0 |     58 |   1 |  121.0 |
               +--------+--------+--------+--------+--------+-----+--------+

Top non-repeatable levels by time:
     D:7: 1455 daAuts
     D:4: 1347 daAuts
     D:5: 1316 daAuts
     D:6: 1305 daAuts
     D:3: 833 daAuts
     D:1: 778 daAuts
     D:2: 721 daAuts
  Temple: 121 daAuts
     D:8: 34 daAuts
